 Dungeon Crawl Stone Soup version 0.18.1-1-g2f07953 (webtiles) character file.

19242 lightmor the Severer (level 12, -3/110 HPs)
             Began as a Minotaur Berserker on May 7, 2016.
             Was a High Priest of Trog.
             Slain by a red devil
             ... wielding a +2 demon trident of flaming
             ... summoned by an orc high priest
              (24 damage)
             ... on level 2 of the Orcish Mines.
             The game lasted 00:45:54 (16008 turns).

lightmor the Severer (Minotaur Berserker)          Turns: 16008, Time: 00:45:56

Health: -3/110     AC:  3    Str: 28    XL:     12   Next: 34%
Magic:  11/11      EV: 15    Int:  4    God:    Trog [*****.]
Gold:   997        SH:  0    Dex: 11    Spells: 0 memorised, 11 levels left

rFire  . . .     SeeInvis .     f - +9 battleaxe (chop)
rCold  . . .     Gourm    .     n - +1 scale mail {rN+}
rNeg   + . .     Faith    .     (shield currently unavailable)
rPois  .         Spirit   .     (helmet restricted)
rElec  .         Dismiss  .     G - +0 cloak (curse)
rCorr  .         Reflect  .     k - +0 pair of gloves
SustAt .         Harm     .     m - +2 pair of boots {run}
MR     ++...                    P - amulet of magic regeneration
Stlth  ..........               v - +2 ring of strength
                                C - +3 ring of protection

@: corroded, regenerating, hasted, very quick, very resistant to hostile
enchantments, extremely unstealthy
A: retaliatory headbutt, horns 2
a: Berserk, Trog's Hand, Brothers in Arms, Burn Spellbooks, Renounce Religion


You were on level 2 of the Orcish Mines.
You worshipped Trog.
Trog was extremely pleased with you.
You were not hungry.

You visited 2 branches of the dungeon, and saw 14 of its levels.
You also visited: Labyrinth and Ice Cave.

You collected 997 gold pieces.

Inventory:

Hand Weapons
 a - a +0 hand axe
 f - a +9 battleaxe of chopping (weapon)
 s - a +0 triple sword of freezing
Missiles
 y - 3 throwing nets (quivered)
 F - 8 tomahawks of dispersal
Armour
 k - a +0 pair of gloves (worn)
 m - a +2 pair of boots of running (worn)
 n - a +1 scale mail of positive energy (worn)
 z - a +2 robe of positive energy
 E - a +0 pair of boots of flying
 G - a cursed +0 cloak (worn)
Rods
 x - a +1 iron rod (5/14)
   (You took it off a minotaur in a labyrinth)
 L - a +2 rod of ignition (11/11)
   (You found it in a labyrinth)
Jewellery
 b - an uncursed ring of positive energy
 i - an uncursed ring of magical power
 v - a +2 ring of strength (right hand)
 C - a +3 ring of protection (left hand)
 D - an uncursed ring of protection from fire
 J - an uncursed amulet of dismissal
 P - an amulet of magic regeneration (around neck)
Wands
 p - a wand of flame (10/48)
 M - a wand of teleportation (2/9)
 N - a wand of polymorph (16/24)
 O - a wand of flame (39/48)
 Q - a wand of digging (10/24)
 R - a wand of paralysis (7/24)
 S - a wand of polymorph (2/24)
 U - a wand of flame (23/48)
Scrolls
 g - a scroll of recharging
 h - 2 scrolls of amnesia
 j - a scroll of enchant weapon
 l - 2 scrolls of enchant armour
 A - a scroll of fear
 H - 2 scrolls of remove curse
Potions
 d - 12 potions of curing
 e - 2 potions of flight
 o - a potion of cure mutation
 r - 3 potions of agility
 u - a potion of brilliance
 B - 4 potions of might
 I - a potion of berserk rage
Comestibles
 c - 11 bread rations
 t - 13 fruits
 K - 4 chunks of flesh


   Skills:
 - Level 11.3 Fighting
 + Level 15.2 Axes
 - Level 11.4 Armour
 - Level 10.3 Dodging


You had 11 spell levels left.
You didn't know any spells.

Dungeon Overview and Level Annotations

Branches:
Dungeon (12/15)            Temple (0/1) D:5            Lair (0/8) D:8
    Orc (2/2) D:12            Elf (0/3) Orc:2

Altars:
Ashenzari
Cheibriados
Dithmenos
Elyvilon
Fedhas
Gozag
Makhleb
Pakellas
Qazlal
Ru
Sif Muna
Trog
Vehumet
Xom
Yredelemnul
Zin
The Shining One

Shops:
D:11 =   Orc:1 (   Orc:2 (

Annotations:
D:4 Crazy Yiuf
D:11 BadBadger's ghost, journeyman DsBe
D:12 Kirke


Innate Abilities, Weirdness & Mutations

You reflexively headbutt those who attack you in melee.
You have a pair of horns on your head.


Message History

* * * LOW HITPOINT WARNING * * *
The rust devil hits you. The rust devil corrodes you!
Okay, then.
Read which item? (? for menu, Esc to quit)
Okay, then.
Drink which item? (? for menu, Esc to quit)
You feel better.
You feel less exhausted. The orc warrior closely misses you.
The rust devil hits you.
* * * LOW HITPOINT WARNING * * *
The rust devil corrodes you!
The orc high priest prays to Beogh.
Drink which item? (? for menu, Esc to quit)
You feel yourself speed up.
The orc warrior cowers, then darts away.
The rust devil hits you.
* * * LOW HITPOINT WARNING * * *
The rust devil corrodes you! The orc warrior misses you.
The red devil hits you from afar with a demon trident of flaming!!
You die...

,,,,,,**##......#.##
*,,*,***
,,,,,,*,,##........# ****,*
,,,,,,,,...P.......### ***
*,,,,,,*......P......##
**,,,,,,...P..........###
**,,,,,,.........3......##
*,,,,,,,.P.....P..o.#....#
,,,,,**,....∩...4.4.....##
,,,,,,,,..o.....@)..∩....#
,,,,,,,,,...8.P..o.....$.#*
,,,,,,,,,.............#...#
,,,,**,,,..P.P........##.##
,,,****,,..P.........##*##
,,*** *,,.......o#.###
***,***,,....o...###
*,,,,,,,.........*
**,,,,,,,..#.##.**


You could see an orc high priest (fleeing), a sun demon, a rust devil, a red
devil and 4 orc warriors.

Vanquished Creatures
  A minotaur (Lab)
  The ghost of beholder the Covert, a novice OpMo of Lugonu (D:8)
  A hill giant (D:5)
  An orc sorcerer (Orc:1)
  A cyclops (Orc:1)
  A manticore (D:11)
  Maurice (D:8)
  2 ice statues (IceCv)
  A centaur zombie (D:11)
  2 gargoyles (D:12)
  6 ice devils (IceCv)
  2 trolls
  A two-headed ogre (D:8)
  A shadow (D:9)
  A spriggan (D:7)
  14 yaks
  A hog (D:12)
  5 humans
  4 vampire mosquitoes (D:12)
  Menkaure (D:6)
  2 hungry ghosts (D:10)
  A steam dragon (D:9)
  A hippogriff (D:12)
  A warg (Orc:1)
  2 soldier ants
  2 water moccasins
  12 orc warriors
  2 ice beasts
  A sky beast (D:8)
  3 phantoms
  2 black bears
  3 wasps
  9 ogres
  3 centaurs
  A crocodile (D:11)
  2 big kobolds
  6 giant frogs
  A wyvern skeleton (D:12)
  The ghost of lightmor the Chopper, a weakling MiBe of Trog (D:3)
  2 scorpions
  A howler monkey (D:5)
  7 wights
  9 crimson imps
  4 giant frog zombies
  4 jellies
  9 hounds
  10 orc priests
  24 orc wizards
  3 centaur skeletons
  An iron imp (D:8)
  6 iguanas
  18 worker ants
  2 hound skeletons
  3 gnolls (D:5)
  2 worker ant zombies
  A howler monkey skeleton (D:6)
  16 adders
  A shadow imp (D:5)
  18 white imps
  7 ufetubi (IceCv)
  2 oozes
  An adder zombie (D:6)
  8 adder skeletons
  6 worms
  2 dart slugs
  4 giant geckos
  75 orcs
  5 giant cockroaches
  7 goblins
  14 hobgoblins
  20 jackals
  4 quokkas
  8 bats
  4 giant newts
  A jackal skeleton (D:4)
  19 kobolds
  2 quokka skeletons
  7 rats
440 creatures vanquished.

Vanquished Creatures (others)
  A white imp (IceCv)
  3 ufetubi (IceCv)
  A fungus (Orc:2)
5 creatures vanquished.

Grand Total: 445 creatures vanquished

Notes
Turn   | Place    | Note
--------------------------------------------------------------
     0 | D:1      | lightmor the Minotaur Berserker began the quest for the Orb.
     0 | D:1      | Reached XP level 1. HP: 19/19 MP: 0/0
    48 | D:1      | Reached skill level 4 in Axes
   236 | D:1      | Reached XP level 2. HP: 24/26 MP: 1/1
   423 | D:1      | Reached skill level 5 in Axes
   446 | D:1      | Found a shattered altar of Ashenzari.
   639 | D:1      | Reached XP level 3. HP: 28/31 MP: 2/2
  1166 | D:2      | Identified a +1 pair of boots of running (You found it on level 2 of the Dungeon)
  1184 | D:2      | Reached ** piety under Trog
  1505 | D:2      | Reached XP level 4. HP: 39/39 MP: 3/3
  1580 | D:2      | Reached skill level 6 in Axes
  1719 | D:3      | Found a shadowy altar of Dithmenos.
  1818 | D:3      | Reached *** piety under Trog
  1916 | D:3      | Found a basalt altar of Yredelemnul.
  1918 | D:3      | Noticed a profane servitor
  1940 | D:3      | Found a glowing golden altar of the Shining One.
  1993 | D:3      | Reached XP level 5. HP: 45/45 MP: 4/4
  2021 | D:3      | Reached skill level 7 in Axes
  2076 | D:3      | Found an opulent altar of Gozag.
  2159 | D:3      | Found a blossoming altar of Fedhas.
  2160 | D:3      | Noticed lightmor's ghost (weakling MiBe)
  2168 | D:3      | Killed lightmor's ghost
  2168 | D:3      | Reached skill level 8 in Axes
  2168 | D:3      | Reached XP level 6. HP: 51/51 MP: 5/5
  2376 | D:3      | Noticed an angel
  2490 | D:4      | Found a glowing silver altar of Zin.
  2494 | D:4      | Found a white marble altar of Elyvilon.
  2495 | D:4      | Found a deep blue altar of Sif Muna.
  2559 | D:4      | Reached skill level 9 in Axes
  3007 | D:4      | Noticed Crazy Yiuf
  3052 | D:4      | Reached **** piety under Trog
  3081 | D:5      | Entered Level 5 of the Dungeon
  3210 | D:5      | Reached XP level 7. HP: 57/57 MP: 6/6
  3478 | D:5      | Noticed a hill giant
  3487 | D:5      | Killed a hill giant
  3487 | D:5      | Reached skill level 11 in Axes
  3487 | D:5      | Reached XP level 8. HP: 41/64 MP: 7/7
  3696 | D:5      | Reached skill level 12 in Axes
  4033 | D:5      | Found a staircase to the Ecumenical Temple.
  4038 | D:5      | Found a burning altar of Makhleb.
  4526 | D:6      | Reached skill level 13 in Axes
  4940 | D:6      | Noticed Menkaure
  4947 | D:6      | Reached XP level 9. HP: 32/70 MP: 8/8
  4950 | D:6      | Killed Menkaure
  4950 | D:6      | Reached skill level 14 in Axes
  5871 | D:6      | Found a shimmering altar of Xom.
  5910 | D:6      | Found a stormy altar of Qazlal.
  5997 | D:6      | Received a gift from Trog
  6116 | D:7      | Found a radiant altar of Vehumet.
  6220 | D:7      | Reached skill level 15 in Axes
  6238 | D:7      | Found an oddly glowing altar of Pakellas.
  6539 | D:7      | Found an oddly glowing altar of Pakellas.
  6539 | D:7      | Noticed a rakshasa
  6581 | D:8      | Noticed Maurice
  6590 | D:8      | Killed Maurice
  6590 | D:8      | Reached skill level 5 in Fighting
  6631 | D:7      | Reached XP level 10. HP: 44/81 MP: 9/9
  6682 | D:8      | Reached skill level 5 in Armour
  6827 | D:8      | Reached ***** piety under Trog
  6838 | D:8      | Found a snail-covered altar of Cheibriados.
  6880 | D:8      | Noticed beholder's ghost (novice OpMo)
  6907 | D:8      | Killed beholder's ghost
  6907 | D:8      | Reached skill level 5 in Dodging
  7251 | D:8      | Found a staircase to the Lair.
  7711 | D:9      | Found a sacrificial altar of Ru.
  7794 | D:9      | Received a gift from Trog
  8217 | D:10     | Entered Level 10 of the Dungeon
  8220 | D:10     | Noticed an eight-headed hydra
  8550 | D:10     | Found a bloodstained altar of Trog.
  9090 | D:10     | Reached XP level 11. HP: 91/94 MP: 10/10
  9406 | D:11     | Found a shimmering altar of Xom.
  9515 | D:11     | Received a gift from Trog
 10164 | D:11     | Found Gick's Jewellery Boutique.
 10178 | D:11     | Noticed BadBadger's ghost (journeyman DsBe)
 11281 | D:12     | Found a frozen archway.
 11319 | IceCv    | Entered an ice cave
 11503 | IceCv    | Reached skill level 10 in Fighting
 11517 | IceCv    | Reached skill level 10 in Armour
 13280 | D:12     | Noticed Kirke
 13292 | D:12     | Noticed a lindwurm
 13330 | D:12     | HP: 5/101 [vampire mosquito (9)]
 13616 | D:12     | Noticed a four-headed hydra
 13684 | D:12     | Reached XP level 12. HP: 107/108 MP: 11/11
 13696 | D:12     | Found a staircase to the Orcish Mines.
 13788 | D:12     | Received a gift from Trog
 14083 | Orc:1    | Entered Level 1 of the Orcish Mines
 14097 | Orc:1    | Found Gasmeodo's Weapon Emporium.
 14567 | Orc:1    | Reached skill level 10 in Dodging
 15014 | Orc:2    | Entered Level 2 of the Orcish Mines
 15025 | Orc:2    | Noticed an orc high priest
 15026 | Orc:2    | Found Weapadan's Antique Weapon Emporium.
 15027 | Orc:2    | Found a labyrinth entrance.
 15036 | Lab      | Entered a labyrinth
 15939 | Lab      | Noticed a minotaur
 15948 | Lab      | Killed a minotaur
 15968 | Lab      | Identified Sif Muna's Grimoire of Earthen Good Luck (You found it in a labyrinth)
 15988 | Lab      | Identified a +2 rod of ignition (11/11) (You found it in a labyrinth)
 16008 | Orc:2    | Slain by a red devil

Skill      XL: |  1  2  3  4  5  6  7  8  9 10 11 12 |
---------------+-------------------------------------+-----
Axes           | 4 5 6 8 9 11 13 15 | 15.2
Fighting       | 5 8 10 11 | 11.3
Armour         | 4 8 10 11 | 11.4
Dodging        | 4 7 9 10 | 10.3

Action                   |  1- 3 |  4- 6 |  7- 9 | 10-12 || total
-------------------------+-------+-------+-------+-------++-------
Melee: Hand axe          |    85 |   148 |   298 |   688 ||  1219
       Headbutt          |    15 |    30 |    60 |   188 ||   293
       Triple sword      |       |       |       |     8 ||     8
       Unarmed           |       |       |       |     4 ||     4
       Battleaxe         |       |       |       |    83 ||    83
Invok: Berserk           |     1 |     3 |     6 |    24 ||    34
       Burn Spellbooks   |       |     1 |       |     3 ||     4
       Trog's Hand       |       |       |       |     5 ||     5
       Brothers in Arms  |       |       |       |     3 ||     3
  Use: Scroll            |       |     7 |     6 |    14 ||    27
       Potion            |       |       |     2 |     5 ||     7
  Eat: Chunk             |     3 |     7 |    16 |    21 ||    47
       Beef jerky        |       |       |       |     2 ||     2
       Royal jelly       |       |       |       |     1 ||     1
       Meat ration       |       |       |       |     5 ||     5
       Bread ration      |       |       |       |     2 ||     2
Armor: Animal skin       |    11 |    45 |     6 |       ||    62
       Robe              |       |       |    49 |   206 ||   255
       Scale mail        |       |       |       |     8 ||     8
Dodge: Dodged            |    52 |    94 |   123 |   446 ||   715
